AoeStats
← Ken

Arena

509301964Analyzed
4v4 RM · 5d ago on Sep 26, 2026· 47m 9s· 8 players
Game mode
Random Map
Map size
Large (8 player)
Population
200
Speed
Normal
Resources
Standard
Victory
Conquest
Starting age
Dark Age
Ending age
Imperial Age
RankedLock teamsTeams togetherTeam positionsShared explorationLock speedFull tech treeHidden civsTurbo modeCheats
Victory
Defeat
🇳🇱 Bohemians · Netherlands
1075
+13
🇨🇳 Franks · China
1045
+14
🇹🇼 Italians · Taiwan
1026
+15
🇨🇳 Spanish · China
943
+17
🇲🇽 Burgundians · Mexico
1026
-16
🇩🇪 Gurjaras · Germany
1007
-15
🇺🇸 Danes · United States
997
-15
🇲🇽 Bengalis · Mexico
952
-13
shifty3737
11:40 Feudal Age
15:45 Castle Age
13:54 Double-Bit Axe
14:10 Horse Collar
19:31 Loom
19:33 Town Watch
20:40 Bow Saw
20:45 Heavy Plow
21:42 Gold Mining
24:33 Stone Mining
25:39 Forging
25:29 Scale Mail Armor
26:18 Fletching
26:28 Padded Archer Armor
27:27 Elite Skirmisher
30:33 Squires
30:19 Arson
30:58 Ballistics
31:20 Pikeman
32:48 Chain Mail Armor
36:40 Iron Casting
37:00 Bodkin Arrow
danny dillinger
10:42 Feudal Age
9:21 Double-Bit Axe
11:36 Bow Saw
13:47 Horse Collar
18:38 Castle Age
19:27 Fletching
20:13 Bodkin Arrow
21:41 Loom
35:53 Imperial Age
38:51 Forging
38:41 Bracer
38:42 Scale Mail Armor
38:42 Padded Archer Armor
40:04 Chemistry
39:00 Onager
40:08 Ballistics
avilareall
10:30 Feudal Age
15:15 Castle Age
14:32 Gold Mining
14:31 Double-Bit Axe
15:00 Loom
19:21 Redemption
20:24 Sanctity
21:47 Horse Collar
22:46 Atonement
28:06 Wheelbarrow
30:02 Hand Cart
33:31 Forging
33:27 Scale Barding Armor
35:57 Bow Saw
36:14 Bloodlines
36:04 Husbandry
38:39 Imperial Age
38:22 Heavy Plow
39:00 Gold Shaft Mining
41:40 Iron Casting
42:26 Chain Barding Armor
43:13 Paiks
43:29 Conscription
43:03 Elite Battle Elephant
44:54 Blast Furnace
44:55 Plate Barding Armor
TwoHeadedTurtle
4:42 Loom
11:00 Feudal Age
14:23 Wheelbarrow
17:01 Castle Age
15:26 Double-Bit Axe
15:43 Horse Collar
17:06 Gold Mining
19:00 Arson
20:51 Forging
23:46 Scale Mail Armor
24:56 Scale Barding Armor
26:08 Iron Casting
27:18 Chain Mail Armor
27:38 Bloodlines
33:01 Imperial Age
32:08 Hand Cart
31:39 Town Watch
31:49 Fletching
32:20 Chain Barding Armor
32:03 Husbandry
32:33 Bodkin Arrow
34:31 Conscription
34:51 Hoardings
34:24 Kshatriyas
35:37 Plate Barding Armor
35:40 Plate Mail Armor
36:15 Elite Shrivamsha Rider
38:24 Plate Barding Armor
39:16 Elite Chakram Thrower
42:19 Bracer
44:10 Ballistics
44:51 Chemistry
43:48 Murder Holes
BlandToaster625
10:55 Feudal Age
15:08 Castle Age
13:24 Double-Bit Axe
17:18 Forging
17:15 Scale Barding Armor
19:17 Bow Saw
22:46 Horse Collar
29:21 Imperial Age
26:44 Loom
27:34 Wheelbarrow
26:44 Town Watch
27:49 Town Patrol
27:53 Heavy Plow
29:17 Chemistry
29:31 Hand Cart
29:27 Houfnice
35:43 Two-Man Saw
35:41 Caravan
37:21 Iron Casting
36:46 Scale Mail Armor
37:48 Pikeman
38:28 Squires
39:03 Bombard Tower
38:42 Halberdier
41:01 Blast Furnace
40:16 Chain Mail Armor
40:18 Arson
40:32 Fletching
40:42 Padded Archer Armor
41:56 Fletching
41:57 Guard Tower
41:53 Arrowslits
42:28 Ballistics
42:04 Murder Holes
42:21 Masonry
43:18 Padded Archer Armor
43:16 Bodkin Arrow
43:58 Keep
44:15 Coinage
43:56 Guilds
46:46 Bracer
47:46 Padded Archer Armor
47:52 Siege Engineers
48:18 Architecture
ZedongMao
11:11 Feudal Age
15:26 Castle Age
13:39 Double-Bit Axe
13:37 Horse Collar
17:41 Loom
20:04 Bow Saw
19:58 Heavy Plow
35:05 Imperial Age
33:13 Wheelbarrow
35:24 Scale Mail Armor
35:35 Forging
35:47 Hand Cart
35:50 Fletching
36:07 Scale Barding Armor
38:35 Ballistics
39:15 Chemistry
38:26 Masonry
38:28 Fortified Wall
38:13 Murder Holes
38:56 Conscription
39:36 Elite Genoese Crossbowman
41:49 Caravan
44:03 Squires
43:49 Arson
44:30 Chain Barding Armor
44:48 Iron Casting
44:14 Scale Mail Armor
44:10 Bodkin Arrow
47:07 Two-Man Saw
47:13 Blast Furnace
46:29 Chain Mail Armor
46:15 Padded Archer Armor
48:12 Architecture
47:46 Bracer
Ken
11:00 Feudal Age
15:14 Castle Age
14:04 Double-Bit Axe
16:39 Bow Saw
19:15 Loom
22:28 Wheelbarrow
30:57 Imperial Age
29:23 Husbandry
29:49 Scale Barding Armor
29:55 Forging
29:54 Gold Mining
29:55 Stone Mining
30:58 Hand Cart
32:51 Iron Casting
33:22 Chain Barding Armor
32:41 Cavalier
34:00 Conscription
33:40 Chivalry
33:29 Treadmill Crane
36:24 Gold Shaft Mining
36:52 Plate Barding Armor
37:17 Blast Furnace
35:58 Ordonnance Companies
37:07 Fletching
37:18 Scale Mail Armor
37:19 Padded Archer Armor
38:22 Chemistry
37:43 Ballistics
43:31 Chain Mail Armor
43:32 Leather Archer Armor
43:12 Bodkin Arrow
45:00 Ballistics
44:35 Murder Holes
44:42 Elite Throwing Axeman
myMZ
12:07 Feudal Age
16:05 Castle Age
14:49 Double-Bit Axe
16:30 Padded Archer Armor
17:40 Horse Collar
20:06 Bow Saw
20:16 Leather Archer Armor
23:51 Gold Mining
25:58 Man-at-Arms
31:13 Imperial Age
30:55 Husbandry
31:07 Bloodlines
32:09 Scale Barding Armor
32:14 Forging
31:39 Cavalier
33:44 Scale Mail Armor
34:07 Chain Barding Armor
34:22 Iron Casting
36:11 Plate Barding Armor
38:28 Blast Furnace
41:30 Wheelbarrow
42:23 Two-Man Saw
41:36 Capped Ram
43:14 Hand Cart
43:21 Loom
43:59 Heavy Plow
43:58 Paladin
Connection lost

Rejoining the realm…

Still unreachable

The connection could not be restored.

Session expired

The server has moved on; the page needs a fresh start.